 Dungeon Crawl Stone Soup version 0.21.1-1-g345015f (webtiles) character file.

8020 grindst0ne the Placeless Octopus (level 11, -2/75 HPs)
             Began as an Octopode Wizard on Feb 26, 2018.
             Was a Priest of Vehumet.
             Slain by a centaur warrior skeleton (7 damage)
             ... on level 10 of the Dungeon.
             The game lasted 00:54:44 (11381 turns).

grindst0ne the Placeless Octopus (Octopode Wizard) Turns: 11381, Time: 00:54:45

Health: -2/75      AC:  1    Str:  6    XL:     11   Next: 24%
Magic:  3/19       EV: 17    Int: 23    God:    Vehumet [***...]
Gold:   215        SH:  0    Dex: 18    Spells: 8/21 levels left

rFire    + . .     SeeInvis +   g - +0 dagger (venom)
rCold    . . .     Gourm    .   (no shield)
rNeg     . . .     Faith    .   a - +0 hat
rPois    .         Spirit   .   h - amulet of regeneration
rElec    .         Reflect  .   j - ring of protection from fire
rCorr    +         Harm     .   s - ring of resist corrosion
MR       .....                  (no ring)
Stlth    +++++.....             o - +6 ring of dexterity
HPRegen  0.62/turn              k - ring of see invisible
MPRegen  0.16/turn              (no ring)
                                (no ring)
                                (no ring)

@: lethally poisoned (-2 -> -2)
A: almost no armour, stealthy swim, amphibious, 8 rings, constrict 8, camouflage
1, gelatinous body 1
a: Renounce Religion


You were on level 10 of the Dungeon.
You worshipped Vehumet.
Vehumet was most pleased with you.
You were hungry.

You visited 2 branches of the dungeon, and saw 11 of its levels.
You also visited: Sewer.

You collected 500 gold pieces.
You spent 285 gold pieces at shops.

Inventory:

Hand Weapons
 g - a +0 dagger of venom (weapon)
Armour
 a - a +0 hat (worn)
Jewellery
 h - an amulet of regeneration (around mantle)
 j - a ring of protection from fire (left tentacle)
 k - a ring of see invisible (on tentacle)
 o - a +6 ring of dexterity (on tentacle)
 s - a ring of resist corrosion (right tentacle)
Wands
 q - a wand of disintegration (12)
 y - a wand of paralysis (13)
 A - a wand of polymorph (26)
Scrolls
 e - a scroll of random uselessness {unknown}
 f - 2 scrolls of blinking
 i - 4 scrolls of teleportation
 r - a scroll of amnesia {unknown}
 w - 2 scrolls of acquirement {unknown}
 C - 2 scrolls of immolation {unknown}
 D - a scroll of enchant weapon {unknown}
 E - 2 scrolls of remove curse
Potions
 d - 3 potions of might
 l - a potion of brilliance
 m - a potion of mutation
 n - a potion of berserk rage
 p - 4 potions of flight
 t - a potion of magic {unknown}
 u - a potion of agility
 v - 2 potions of degeneration {unknown}
 x - 2 potions of lignification {unknown}
 z - a potion of haste
Books
 b - a book of Minor Magic

   Spells                             Type                      Level
   a - Magic Dart                     Conjuration                  1
   b - Blink                          Translocation                2
   c - Call Imp                       Summoning                    2
   d - Slow                           Hexes                        2
   e - Conjure Flame                  Conjuration/Fire             3
   f - Mephitic Cloud                 Conjuration/Poison/Air       3
 G - a book of Cantrips

   Spells                             Type                      Level
   a - Confusing Touch                Hexes                        1
   b - Animate Skeleton               Necromancy                   1
   c - Summon Small Mammal            Summoning                    1
   d - Apportation                    Translocation                1
 H - a book of Misfortune

   Spells                             Type                      Level
   a - Confusing Touch                Hexes                        1
   b - Confuse                        Hexes                        3
   c - Gell's Gravitas                Translocation                3
   d - Petrify                        Transmutation/Earth          4
   e - Metabolic Englaciation         Hexes/Ice                    5
   f - Yara's Violent Unravelling     Hexes/Transmutation          5
Comestibles
 c - 11 rations


   Skills:
 + Level 7.0 Fighting
 - Level 6.0 Dodging
 - Level 7.0 Stealth
 + Level 5.7 Spellcasting
 - Level 8.0 Conjurations
 + Level 1.0 Hexes
   Level 1.0 Summonings
 - Level 8.0 Translocations
 + Level 0.7 Air Magic
 - Level 6.0 Evocations


You had 8 spell levels left.
You knew the following spells:

 Your Spells              Type           Power        Failure   Level  Hunger
a - Magic Dart            Conj           ####         1%          1    None
b - Blink                 Tloc           N/A          1%          2    None
c - Flame Tongue          Conj/Fire      ####.        1%          1    None
d - Throw Frost           Conj/Ice       ####..       1%          2    None
e - Confuse               Hex            ##......     17%         3    #......
f - Airstrike             Air            ##........   17%         4    ###....


Dungeon Overview and Level Annotations

Branches:
Dungeon (10/15)            Temple (1/1) D:7             Orc (0/2) D:10
   Lair: D:8-11

Altars:
Ashenzari
Cheibriados
Dithmenos
Elyvilon
Fedhas
Gozag
Hepliaklqana
Kikubaaqudgha
Makhleb
Nemelex Xobeh
Okawaru
Qazlal
Ru
Sif Muna
Trog
Uskayaw
Vehumet
Wu Jian
Xom
Yredelemnul
Zin
The Shining One

Shops:
D:5 ?   D:9 (%%}

Annotations:
D:8 exclusion: downstairs
D:9 exclusion: downstairs
D:10 Grum


Innate Abilities, Weirdness & Mutations

You cannot wear most types of armour.
You are very stealthy in the water. (Stealth+)
You are amphibious.
You can wear up to eight rings at the same time.
You can use your tentacles to constrict eight enemies at once.
Your skin changes colour to match your surroundings (Stealth+).
Your rubbery body absorbs attacks. (AC +1, EV +1)


Message History

Confirm with . or Enter, or press ? or * to list all spells.
Aiming: Magic Dart
Press: ? - help, Shift-Dir - straight line, f/p - killer bee
Aim: a killer bee (almost dead)
The magic dart hits the killer bee.
You kill the killer bee!
Vehumet accepts your kill.
You feel your power returning.
You feel sick.
You feel sick.
Press: ? - help, v - describe, . - travel
Here: a centaur warrior skeleton The floor.
Casting: Magic Dart
Confirm with . or Enter, or press ? or * to list all spells.
You blink.
You feel sick.
Casting: Blink
Confirm with . or Enter, or press ? or * to list all spells.
You blink.
You feel sick. The centaur warrior skeleton hits you!
You die...

#.........# #....
#.........# #....
#.........#
######....
#.........#
#.........
#.........#
#.........
#§........#
#.........
#.........#
#.........
#.../.Z...#
######....
#......@..# #....
#.........######
#....
#####.....#>...
#....
#..)..#....#####....
#.†...#...#.........
#...†.#...'.........
#.....#...#.........
#.....#####.........
#..........#########


You could see a centaur warrior skeleton.

Vanquished Creatures
  2 two-headed ogres
  Pikel (D:4)
  A manticore (D:9)
  Psyche (D:8)
  A troll (D:8)
  2 hippogriffs
  3 yaks (D:9)
  5 orc warriors
  2 ice beasts
  3 sky beasts
  A slave (D:4)
  An eye of draining (D:9)
  2 phantoms
  An ogre (D:8)
  A centaur (D:7)
  2 big kobolds
  A gnoll sergeant (D:9)
  2 bullfrogs
  A scorpion (D:7)
  15 killer bees
  5 wights (D:8)
  4 howler monkeys
  4 crimson imps
  2 hounds
  2 bullfrog zombies
  A jelly (D:8)
  13 orc wizards
  A gnoll shaman (D:8)
  11 orc priests
  3 bullfrog skeletons
  A centaur skeleton (D:4)
  Jessica (D:3)
  4 iguanas
  4 worker ants
  5 hound skeletons
  A howler monkey zombie (D:9)
  A worker ant zombie (D:10)
  Robin (D:3)
  14 adders
  11 gnolls
  A river rat (Sewer)
  2 shadow imps
  An ooze (D:4)
  2 adder zombies
  4 worms
  4 adder skeletons
  4 dart slugs
  7 leopard geckos
  45 orcs
  11 bats
  13 giant cockroaches
  16 goblins
  8 hobgoblins
  15 jackals
  18 kobolds
  2 quokkas
  A ball python (D:3)
  2 frilled lizards (D:1)
  A quokka skeleton (D:4)
  13 rats
307 creatures vanquished.

Vanquished Creatures (others)
  A crimson imp (D:5)
  A hound (D:5)
  A worker ant (D:5)
  An orc (D:5)
  A quokka (D:5)
5 creatures vanquished.

Grand Total: 312 creatures vanquished

Notes
Turn   | Place    | Note
-------+----------+-------------------------------------------
     0 | D:1      | grindst0ne the Octopode Wizard began the quest for the Orb.
     0 | D:1      | Reached XP level 1. HP: 11/11 MP: 4/4
    78 | D:1      | Found a sparkling altar of Nemelex Xobeh.
   107 | D:1      | Reached XP level 2. HP: 11/17 MP: 3/6
   496 | D:1      | Reached XP level 3. HP: 20/21 MP: 0/7
  1206 | D:2      | Reached XP level 4. HP: 27/27 MP: 8/8
  1286 | D:2      | Learned a level 2 spell: Blink
  2015 | D:3      | Found an iron altar of Okawaru.
  2311 | D:3      | Reached XP level 5. HP: 31/31 MP: 7/9
  2340 | D:3      | Found a glowing drain.
  2353 | Sewer    | Entered a sewer
  2483 | Sewer    | Noticed a big kobold
  2609 | Sewer    | Killed a big kobold
  2609 | Sewer    | Reached skill level 5 in Stealth
  2629 | Sewer    | Found a white marble altar of Elyvilon.
  2814 | D:3      | Noticed Jessica
  2815 | D:3      | Killed Jessica
  2815 | D:3      | Reached XP level 6. HP: 36/36 MP: 10/10
  2831 | D:3      | Noticed Robin
  2934 | D:3      | Killed Robin
  3577 | D:4      | Reached XP level 7. HP: 35/41 MP: 7/11
  3907 | D:5      | Entered Level 5 of the Dungeon
  3977 | D:5      | Reached skill level 5 in Conjurations
  3977 | D:5      | Reached skill level 1 in Evocations
  4342 | D:4      | Reached XP level 8. HP: 36/46 MP: 12/12
  4349 | D:5      | Noticed Pikel
  4408 | D:4      | Killed Pikel
  4408 | D:4      | Reached skill level 5 in Translocations
  4455 | D:5      | Found Bushred's Magic Scroll Shoppe.
  4468 | D:5      | Bought a scroll of teleportation for 39 gold pieces
  4468 | D:5      | Bought a scroll of blinking for 97 gold pieces
  4468 | D:5      | Bought a scroll of teleportation for 39 gold pieces
  4468 | D:5      | Bought a scroll of identify for 26 gold pieces
  4911 | D:5      | Found an ornate altar of the Wu Jian Council.
  5407 | D:6      | Reached XP level 9. HP: 44/51 MP: 10/13
  5754 | D:7      | Reached skill level 5 in Evocations
  5767 | D:7      | Found a staircase to the Ecumenical Temple.
  5777 | Temple   | Entered the Ecumenical Temple
  5892 | Temple   | Became a worshipper of Vehumet
  6056 | D:7      | Reached skill level 5 in Dodging
  6440 | D:7      | Reached * piety under Vehumet
  6440 | D:7      | Offered knowledge of Flame Tongue by Vehumet.
  6468 | D:7      | Learned a level 1 spell: Flame Tongue
  7052 | D:8      | Reached skill level 1 in Fighting
  7451 | D:8      | Noticed Psyche
  7566 | D:8      | Reached XP level 10. HP: 38/63 MP: 8/14
  7791 | D:8      | Reached ** piety under Vehumet
  7791 | D:8      | Offered knowledge of Throw Frost by Vehumet.
  7819 | D:8      | Killed Psyche
  7831 | D:8      | Learned a level 2 spell: Throw Frost
  8453 | D:9      | Found Lianasule's Food Shoppe.
  8686 | D:9      | Noticed a two-headed ogre
  8690 | D:9      | Killed a two-headed ogre
  8690 | D:9      | Reached skill level 5 in Fighting
  8817 | D:9      | Noticed a manticore
  9065 | D:9      | Found Lain's Food Shop.
  9144 | D:9      | Killed a manticore
  9538 | D:9      | Found Viyx's Antique Weapon Emporium.
  9574 | D:9      | Found Wiziti's Gadget Boutique.
  9579 | D:9      | Bought a wand of paralysis (5) for 84 gold pieces
  9705 | D:10     | Entered Level 10 of the Dungeon
  9747 | D:9      | HP: 3/68 [orc/mace (8)]
  9940 | D:9      | Offered knowledge of Ignite Poison by Vehumet.
 10340 | D:9      | Reached skill level 5 in Spellcasting
 10389 | D:10     | Reached *** piety under Vehumet
 10499 | D:10     | Reached XP level 11. HP: 30/74 MP: 15/18
 10590 | D:10     | Noticed a two-headed ogre
 10844 | D:10     | Killed a two-headed ogre
 10852 | D:10     | Learned a level 3 spell: Confuse
 10876 | D:10     | Found a staircase to the Orcish Mines.
 11051 | D:10     | Offered knowledge of Airstrike by Vehumet.
 11057 | D:10     | Learned a level 4 spell: Airstrike
 11066 | D:10     | Noticed Grum
 11362 | D:10     | Reached skill level 1 in Hexes
 11366 | D:10     | HP: 2/75 [killer bee (7)]
 11372 | D:10     | HP: 3/75 [poisoned by a killer bee]
 11381 | D:10     | Slain by a centaur warrior skeleton

Skill      XL: |  1  2  3  4  5  6  7  8  9 10 11 |
---------------+----------------------------------+-----
Conjurations   | 2 3 4 5 7 8 |  8.0
Stealth        | 3 4 5 6 7 |  7.0
Translocations | 2 3 4 5 8 |  8.0
Evocations     | 2 4 6 |  6.0
Dodging        | 4 6 |  6.0
Fighting       | 3 6 7 |  7.0
Spellcasting   | 5 |  5.7
Hexes          | 1 |  1.0
Summonings     | |  1.0
Air Magic      | |  0.7

Action                   |  1- 3 |  4- 6 |  7- 9 | 10-12 || total
-------------------------+-------+-------+-------+-------++-------
Melee: Hand axe          |    14 |       |       |       ||    14
       Constrict         |    14 |    39 |    68 |    71 ||   192
       Tentacles         |     5 |    25 |    57 |    65 ||   152
       Dagger            |    32 |   145 |   312 |   294 ||   783
 Cast: Magic Dart        |    41 |   103 |   135 |   110 ||   389
       Blink             |       |       |     2 |    25 ||    27
       Flame Tongue      |       |       |    13 |       ||    13
       Confuse           |       |       |       |     2 ||     2
       Airstrike         |       |       |       |     1 ||     1
Evoke: Wand              |       |       |    12 |    18 ||    30
  Use: Scroll            |       |     2 |    10 |     3 ||    15
       Potion            |       |     1 |     5 |     4 ||    10
 Stab: Sleeping          |     3 |    16 |    10 |     1 ||    30
       Paralysed         |       |       |       |     8 ||     8
       Distracted        |       |       |       |     3 ||     3
  Eat: Chunk             |     1 |     7 |    10 |    12 ||    30
       Ration            |       |       |     1 |       ||     1
Armor: Skin              |    11 |    30 |    13 |     9 ||    63
Dodge: Dodged            |    46 |   123 |   250 |   327 ||   746
